 Dungeon Crawl Stone Soup version 0.26-a0-757-g626ac9e51a (webtiles) character file.

Game seed: 5712015913800791778

180 stormannnn the Grasshopper (level 5, 0/28 HPs)
             Began as a Spriggan Warper on Nov 7, 2020.
             Slain by an orc
             ... wielding a +0 falchion
              (3 damage)
             ... on level 2 of the Dungeon on Nov 8, 2020.
             The game lasted 00:16:57 (5259 turns).

stormannnn the Grasshopper (Spriggan Warper)        Turns: 5259, Time: 00:16:58

Health: 0/28       AC:  2    Str:  7    XL:     5   Next: 33%
Magic:  11/11      EV: 20    Int: 16    God:
Gold:   95         SH:  0    Dex: 15    Spells: 2/10 levels left

rFire    + . .     SeeInvis +   q - +1 dagger (vamp)
rCold    + . .     Faith    .   (shield restricted)
rNeg     . . .     Spirit   .   b - +0 robe
rPois    .         Reflect  .   (helmet restricted)
rElec    .         Harm     .   k - scarf {rC+ rF+}
rCorr    .         Rampage  .   (gloves unavailable)
MR       .....                  (boots unavailable)
Stlth    +.........             (no amulet)
HPRegen  0.09/turn              (no ring)
MPRegen  0.12/turn              (no ring)

@: very quick
A: very small, unfitting armour, see invisible, speed 3
a: no special abilities


You were on level 2 of the Dungeon.
You visited 1 branch of the dungeon, and saw 3 of its levels.

You collected 95 gold pieces.

Inventory:

Hand Weapons
 a - a +0 short sword
 q - a +1 vampiric dagger (weapon)
Missiles
 c - 12 stones (quivered)
 e - 4 boomerangs
Armour
 b - a +0 robe (worn)
 k - a scarf of resistance (worn)
Scrolls
 d - 2 scrolls of blinking
 f - 2 scrolls of teleportation {unknown}
 h - a scroll of amnesia {unknown}
 i - a scroll of immolation {unknown}
 j - a scroll of fear {unknown}
 m - 2 scrolls of remove curse {unknown}
 p - a scroll of noise {unknown}
Potions
 g - a potion of degeneration {unknown}
 l - a potion of ambrosia {unknown}
 n - a potion of might
 o - a potion of mutation {unknown}


   Skills:
 * Level 2.8 Fighting
 + Level 3.1 Short Blades
 + Level 2.0 Throwing
 + Level 4.7 Dodging
 + Level 3.4 Spellcasting
 + Level 5.1 Translocations


You had 2 spell levels left.
You knew the following spells:

 Your Spells              Type           Power        Failure   Level
a - Blink                 Tloc           N/A          3%          2
b - Lesser Beckoning      Tloc           ###.......   6%          3
c - Teleport Other        Tloc           ###.....     6%          3

Your spell library contained the following spells:

 Spells                   Type           Power        Failure   Level
 Gell's Gravitas          Tloc           ###.......   6%          3
 Passage of Golubria      Tloc           N/A          22%         4


Dungeon Overview and Level Annotations

Branches:
Dungeon (3/15)

Altars:
Wu Jian
Yredelemnul


Innate Abilities, Weirdness & Mutations

You are very small and have problems with some larger weapons.
You are too small for most types of armour.
You have supernaturally acute eyesight. (SInv)
You cover ground extremely quickly.


Message History

* * * LOW HITPOINT WARNING * * *
You hit the orc but do no damage.
The orc is almost dead.
The orc completely misses you.
You hit the orc but do no damage.
The orc is almost dead.
You hit the orc but do no damage.
The orc is almost dead.
The orc closely misses you.
You barely miss the orc.
The orc is almost dead.
The orc misses you.
You hit the orc but do no damage.
The orc is almost dead.
The orc hits you with a +0 falchion.
* * * LOW HITPOINT WARNING * * *
You hit the orc but do no damage.
The orc is almost dead.
The orc hits you with a +0 falchion.
You die...

.....#########.#.#...........##.#
.....# #.#.#...........##.#
.....# #...#...........##.#
.....# ##..#......>....##.#
.....# #..#...........##.# .....#
#..#...........##.# .....#
#..#...........##.# ######
##o#...........##.#
#@+.......)...##.# #########
###..............# #.......#
#[..........#### #.......#
#########'### #.......# #.#
#.......# #.# #.......# #.#
#.......# #.# #.......#
#########.##


You could see an orc.

Vanquished Creatures
  An orc priest (D:3)
  2 orc wizards
  Robin (D:2)
  An adder (D:2)
  2 dart slugs (D:2)
  A leopard gecko (D:2)
  6 orcs (D:2)
  4 giant cockroaches (D:2)
  15 goblins
  8 hobgoblins
  3 jackals (D:1)
  4 quokkas
  A ball python (D:2)
  4 bats
  4 kobolds
  6 rats
  A spectral orc (D:3)
64 creatures vanquished.

Notes
Turn   | Place    | Note
-------+----------+-------------------------------------------
     0 | D:1      | stormannnn the Spriggan Warper began the quest for the Orb.
     0 | D:1      | Reached XP level 1. HP: 10/10 MP: 5/5
   569 | D:1      | Reached XP level 2. HP: 12/15 MP: 6/6
   573 | D:1      | Learned a level 2 spell: Blink
  1718 | D:2      | Reached XP level 3. HP: 8/18 MP: 8/8
  2476 | D:2      | Noticed Robin
  2783 | D:2      | Found an ornate altar of the Wu Jian Council.
  2995 | D:1      | Learned a level 3 spell: Lesser Beckoning
  2999 | D:1      | Learned a level 3 spell: Teleport Other
  3297 | D:2      | Killed Robin
  3297 | D:2      | Reached XP level 4. HP: 15/23 MP: 9/9
  4381 | D:3      | Reached skill level 5 in Translocations
  4620 | D:2      | Reached XP level 5. HP: 13/27 MP: 10/10
  5083 | D:3      | Found a basalt altar of Yredelemnul.
  5259 | D:2      | Slain by an orc

Illustrated notes

Levels and vault maps discovered:
D:1:      dpeg_arrival_rooms_b, layout_basic, minmay_curled_crystal,
          grunt_decor_arrowhead, st_stairs_6
D:2:      layout_basic, lemuel_doored_altar, uniq_robin
D:3:      layout_rooms, yredelemnul_forgotten_temple_becter,
          chequers_ecumenical_altar_lobes

Skill      XL: |  1  2  3  4  5 |
---------------+----------------+-----
Dodging        | 4 |  4.7
Fighting       | 2 |  2.8
Spellcasting   | 3 |  3.4
Short Blades   | 3 |  3.1
Translocations | 5 |  5.1
Throwing       | 2 |  2.0

Action                   |  1- 3 |  4- 6 || total
-------------------------+-------+-------++-------
Melee: Short sword       |   181 |    66 ||   247
       Dagger            |       |    70 ||    70
Throw: Stone             |   135 |    67 ||   202
       Boomerang         |       |     5 ||     5
 Cast: Teleport Other    |     1 |       ||     1
       Blink             |     1 |       ||     1
  Use: Potion            |       |     2 ||     2
Armor: Robe              |    20 |     5 ||    25
Dodge: Dodged            |   168 |   102 ||   270

Table legend: (Time is in decaauts)
 A = Elapsed time spent in this place.
 B = Non-inter-level travel time spent in this place.
 C = Inter-level travel time spent in this place.
 D = Time resting spent in this place.
 E = Time spent auto-exploring this place.
 F = Levels seen in this place.
 G = Mean time per level.
                   A        B        C        D        E       F      G
               +--------+--------+--------+--------+--------+-----+--------+
         Total |   4347 |   4270 |     77 |   2167 |   1070 |   3 | 1449.0 |
       Dungeon |   4347 |   4270 |     77 |   2167 |   1070 |   3 | 1449.0 |
               +--------+--------+--------+--------+--------+-----+--------+

Top non-repeatable levels by time:
     D:2: 2340 daAuts
     D:1: 1392 daAuts
     D:3: 615 daAuts
